| TOP OF THE 1ST |
|
Buffalo Bisons batting - Pitching for Nashville Sounds : RHP Craig Daniel
|
|
Pitching: RHP Craig Daniel
|
|
|
Batting: RHB Danny Burnside
|
0-0: Ball 1-0: Called Strike 1-1: Foul Ball, location: 2F 1-2: Strikes out swinging
|
|
Batting: LHB Yoshinari Nara
|
0-0: Called Strike 0-1: Ball 1-1: Fly out, F7 (Line Drive, 7D, EV 91.9 MPH)
|
|
Batting: SHB Phuck
|
0-0: Called Strike 0-1: Ball 1-1: Swinging Strike 1-2: Ball 2-2: Ball 3-2: Fly out, F7 (Flyball, 78S, EV 85.0 MPH)
|
| Top of the 1st over - 0 runs, 0 hits, 0 errors, 0 left on base; Buffalo 0 - Nashville 0 |
| BOTTOM OF THE 1ST |
|
Nashville Sounds batting - Pitching for Buffalo Bisons : RHP Hoof Harted
|
|
Pitching: RHP Hoof Harted
|
|
|
Batting: SHB Brace Harper
|
0-0: Fly out, F4 (Line Drive, 4, EV 67.5 MPH)
|
|
Batting: RHB Adam McGurn
|
0-0: Called Strike 0-1: Swinging Strike 0-2: Foul Ball, location: 2F 0-2: Foul Ball, location: 2F 0-2: Strikes out swinging
|
|
Batting: SHB Bob Morales
|
0-0: Ball 1-0: Foul Ball, location: 2F 1-1: Ball 2-1: Called Strike 2-2: Strikes out swinging
|
| Bottom of the 1st over - 0 runs, 0 hits, 0 errors, 0 left on base; Buffalo 0 - Nashville 0 |
| TOP OF THE 2ND |
|
Buffalo Bisons batting - Pitching for Nashville Sounds : RHP Craig Daniel
|
|
Batting: RHB Jon Aguilar
|
0-0: Ball 1-0: Ball 2-0: Ball 3-0: Called Strike 3-1: Swinging Strike 3-2: Foul Ball, location: 2F 3-2: Strikes out swinging
|
|
Batting: LHB Tso-lin Fen
|
0-0: Ball 1-0: Foul Ball, location: 2F 1-1: Ground out 4-3 (Groundball, 34, EV 88.8 MPH)
|
|
Batting: SHB Eduardo Maldonado
|
0-0: Ball 1-0: Ball 2-0: Ball 3-0: Called Strike 3-1: Foul Ball, location: 2F 3-2: Strikes out looking
|
| Top of the 2nd over - 0 runs, 0 hits, 0 errors, 0 left on base; Buffalo 0 - Nashville 0 |
| BOTTOM OF THE 2ND |
|
Nashville Sounds batting - Pitching for Buffalo Bisons : RHP Hoof Harted
|
|
Batting: SHB Rich Muniz
|
0-0: Ball 1-0: Foul Ball, location: 2F 1-1: Called Strike 1-2: Foul Ball, location: 2F 1-2: Ground out 6-3 (Groundball, 6M, EV 107.5 MPH)
|
|
Batting: LHB Zachary DeLuca
|
0-0: Called Strike 0-1: Ball 1-1: Ball 2-1: Foul Ball, location: 2F 2-2: Foul Ball, location: 2F 2-2: Strikes out swinging
|
|
Batting: SHB Quincy Bradford
|
0-0: Ball 1-0: Ball 2-0: Called Strike 2-1: Foul Ball, location: 2F 2-2: Strikes out swinging
|
| Bottom of the 2nd over - 0 runs, 0 hits, 0 errors, 0 left on base; Buffalo 0 - Nashville 0 |
| TOP OF THE 3RD |
|
Buffalo Bisons batting - Pitching for Nashville Sounds : RHP Craig Daniel
|
|
Batting: RHB Danny Heyer
|
0-0: Called Strike 0-1: Ball 1-1: Called Strike 1-2: SINGLE (Groundball, 6MD, EV 97.5 MPH)
|
|
Batting: RHB Tony Rosas
|
0-0: Swinging Strike 0-1: Foul Ball, location: 2F 0-2: Strikes out swinging
|
|
Batting: RHB John Loving
|
0-0: Ball 1-0: Called Strike 1-1: Ball 2-1: Grounds into double play, 6-4-3 (Groundball, 6, EV 105.6 MPH)
|
| Top of the 3rd over - 0 runs, 1 hit, 0 errors, 0 left on base; Buffalo 0 - Nashville 0 |
| BOTTOM OF THE 3RD |
|
Nashville Sounds batting - Pitching for Buffalo Bisons : RHP Hoof Harted
|
|
Batting: RHB Robby Godwin
|
0-0: Ground out 3-1 (Groundball, 34, EV 81.2 MPH)
|
|
Batting: RHB Eduardo Chavez
|
0-0: Foul Ball, location: 2F 0-1: SINGLE (Groundball, 56D, EV 107.5 MPH)
|
|
Batting: RHB Dunlang Clark
|
0-0: Called Strike 0-1: Called Strike 0-2: Ball 1-2: Strikes out looking
|
|
Batting: SHB Brace Harper
|
0-0: Ball 1-0: Called Strike Eduardo Chavez steals 2nd base 1-1: Ball 2-1: Fly out, F9 (Flyball, 9LM, EV 97.5 MPH)
|
| Bottom of the 3rd over - 0 runs, 1 hit, 0 errors, 1 left on base; Buffalo 0 - Nashville 0 |
| TOP OF THE 4TH |
|
Buffalo Bisons batting - Pitching for Nashville Sounds : RHP Craig Daniel
|
|
Batting: RHB Danny Burnside
|
0-0: Called Strike 0-1: Ball 1-1: Fly out, F2 (Popup, 23F, EV 87.5 MPH)
|
|
Batting: LHB Yoshinari Nara
|
0-0: Ball 1-0: Foul Ball, location: 2F 1-1: Ball 2-1: Ball 3-1: SINGLE (Line Drive, 8LS, EV 100.6 MPH)
|
|
Batting: SHB Phuck
|
0-0: Called Strike Yoshinari Nara steals 2nd base 0-1: Ball 1-1: Foul Ball, location: 2F 1-2: Ball 2-2: Foul Ball, location: 2F 2-2: Fly out, F9 (Flyball, 9S, EV 88.1 MPH)
|
|
Batting: RHB Jon Aguilar
|
0-0: Ball 1-0: Called Strike 1-1: Called Strike 1-2: Ball 2-2: TRIPLE (Flyball, 9LD, EV 87.5 MPH) Yoshinari Nara scores
|
|
Batting: LHB Tso-lin Fen
|
0-0: Foul Ball, location: 2F 0-1: Ball 1-1: Fly out, F7 (Line Drive, 7D, EV 93.1 MPH)
|
| Top of the 4th over - 1 run, 2 hits, 0 errors, 1 left on base; Buffalo 1 - Nashville 0 |
| BOTTOM OF THE 4TH |
|
Nashville Sounds batting - Pitching for Buffalo Bisons : RHP Hoof Harted
|
|
Batting: RHB Adam McGurn
|
0-0: Ball 1-0: Ball 2-0: Foul Ball, location: 2F 2-1: Called Strike 2-2: Foul Ball, location: 2F 2-2: Ground out 5-3 (Groundball, 5, EV 106.9 MPH)
|
|
Batting: SHB Bob Morales
|
0-0: Ground out 6-3 (Groundball, P, EV 83.8 MPH)
|
|
Batting: SHB Rich Muniz
|
0-0: Ball 1-0: Ground out U3 (Groundball, 3, EV 89.4 MPH)
|
| Bottom of the 4th over - 0 runs, 0 hits, 0 errors, 0 left on base; Buffalo 1 - Nashville 0 |
| TOP OF THE 5TH |
|
Buffalo Bisons batting - Pitching for Nashville Sounds : RHP Craig Daniel
|
|
Batting: SHB Eduardo Maldonado
|
0-0: Called Strike 0-1: Foul Ball, location: 2F 0-2: Foul Ball, location: 2F 0-2: Ball 1-2: Foul Ball, location: 2F 1-2: Ball 2-2: Strikes out swinging
|
|
Batting: RHB Danny Heyer
|
0-0: Ground out 3-1 (Groundball, 13, EV 88.8 MPH)
|
|
Batting: RHB Tony Rosas
|
0-0: Called Strike 0-1: Ground out 4-3 (Groundball, 4, EV 89.4 MPH)
|
| Top of the 5th over - 0 runs, 0 hits, 0 errors, 0 left on base; Buffalo 1 - Nashville 0 |
| BOTTOM OF THE 5TH |
|
Nashville Sounds batting - Pitching for Buffalo Bisons : RHP Hoof Harted
|
|
Batting: LHB Zachary DeLuca
|
0-0: Ball 1-0: Foul Ball, location: 2F 1-1: Ball 2-1: Fly out, F8 (Flyball, 8RD, EV 98.1 MPH)
|
|
Batting: SHB Quincy Bradford
|
0-0: Called Strike 0-1: Ball 1-1: SINGLE (Flyball, 8LS, EV 85.6 MPH)
|
|
Batting: RHB Robby Godwin
|
0-0: Ball 1-0: Called Strike Quincy Bradford steals 2nd base 1-1: Ball 2-1: Ground out 5-3 (Groundball, 56S, EV 83.8 MPH)
|
|
Batting: RHB Eduardo Chavez
|
0-0: SINGLE (Flyball, 78S, EV 95.0 MPH) Quincy Bradford to third Runner from 3rd tries for Home, SAFE, throw by LF to home Eduardo Chavez to second
|
|
Batting: RHB Dunlang Clark
|
0-0: Called Strike 0-1: Ball 1-1: Reached via error on a dropped throw from 1B, E1 (Groundball, 34S, EV 90.0 MPH) Eduardo Chavez to third
|
|
Batting: SHB Brace Harper
|
0-0: Called Strike 0-1: Fly out, F6 (Flyball, 6MD, EV 90.6 MPH)
|
| Bottom of the 5th over - 1 run, 2 hits, 1 error, 2 left on base; Buffalo 1 - Nashville 1 |
| TOP OF THE 6TH |
|
Buffalo Bisons batting - Pitching for Nashville Sounds : RHP Craig Daniel
|
|
Batting: RHB John Loving
|
0-0: Foul Ball, location: 2F 0-1: SINGLE (Groundball, 6D, EV 103.1 MPH)
|
|
Batting: RHB Danny Burnside
|
0-0: Called Strike 0-1: Ball John Loving steals 2nd base (no throw) 1-1: Ball 2-1: Foul Ball, location: 2F 2-2: Foul Ball, location: 2F 2-2: Strikes out swinging
|
|
Batting: LHB Yoshinari Nara
|
0-0: Intentional Walk
|
|
Batting: SHB Phuck
|
0-0: Fielders Choice at 2nd, 4-6 (Groundball, 4, EV 85.0 MPH) John Loving to third
|
|
Batting: RHB Jon Aguilar
|
0-0: Ball 1-0: Called Strike 1-1: Foul Ball, location: 2F 1-2: Ball 2-2: Ball 3-2: Strikes out looking
|
| Top of the 6th over - 0 runs, 1 hit, 0 errors, 2 left on base; Buffalo 1 - Nashville 1 |
| BOTTOM OF THE 6TH |
|
Nashville Sounds batting - Pitching for Buffalo Bisons : RHP Hoof Harted
|
|
Batting: RHB Adam McGurn
|
0-0: Ball 1-0: Called Strike 1-1: Ball 2-1: Ball 3-1: Swinging Strike 3-2: Fly out, F8 (Flyball, 8RM, EV 84.4 MPH)
|
|
Batting: SHB Bob Morales
|
0-0: Foul Ball, location: 2F 0-1: Foul Ball, location: 2F 0-2: Ball 1-2: Foul Ball, location: 2F 1-2: Strikes out looking
|
|
Batting: SHB Rich Muniz
|
0-0: Ball 1-0: DOUBLE (Groundball, 3L, EV 104.4 MPH)
|
|
Batting: LHB Zachary DeLuca
|
0-0: Ball 1-0: Called Strike 1-1: Fly out, F7 (Flyball, 78D, EV 93.1 MPH)
|
| Bottom of the 6th over - 0 runs, 1 hit, 0 errors, 1 left on base; Buffalo 1 - Nashville 1 |
| TOP OF THE 7TH |
|
Buffalo Bisons batting - Pitching for Nashville Sounds : RHP Craig Daniel
|
|
Batting: LHB Tso-lin Fen
|
0-0: Foul Ball, location: 2F 0-1: Ball 1-1: TRIPLE (Flyball, 89XD, EV 100.0 MPH)
|
|
Batting: SHB Eduardo Maldonado
|
0-0: Ground out 6-3 (Groundball, 6, EV 77.5 MPH)
|
|
Batting: RHB Danny Heyer
|
0-0: Squeeze Bunt to 15S - play home, runner OUT, batter safe! 1-2
|
|
Pinch Hitting: RHB Alex Ramos
|
0-0: Ball 1-0: Ball 2-0: Called Strike 2-1: Called Strike 2-2: Foul Ball, location: 2F 2-2: Ball 3-2: Foul Ball, location: 2F 3-2: Strikes out swinging
|
| Top of the 7th over - 0 runs, 1 hit, 0 errors, 1 left on base; Buffalo 1 - Nashville 1 |
| BOTTOM OF THE 7TH |
|
Nashville Sounds batting - Pitching for Buffalo Bisons : RHP Hoof Harted
|
|
Now at 2B: Alex Ramos
|
|
|
Batting: SHB Quincy Bradford
|
0-0: SINGLE (Flyball, 3D, EV 96.2 MPH)
|
|
Batting: RHB Robby Godwin
|
0-0: Ball 1-0: Foul Ball, location: 2F 1-1: Ball 2-1: Grounds into double play, 5-4-3 (Groundball, 56S, EV 86.9 MPH)
|
|
Batting: RHB Eduardo Chavez
|
0-0: Ball 1-0: Swinging Strike 1-1: Ball 2-1: Ground out 5-3 (Groundball, 56, EV 105.0 MPH)
|
| Bottom of the 7th over - 0 runs, 1 hit, 0 errors, 0 left on base; Buffalo 1 - Nashville 1 |
| TOP OF THE 8TH |
|
Buffalo Bisons batting - Pitching for Nashville Sounds : RHP Craig Daniel
|
|
Pitching: RHP David Hearn
|
|
|
Batting: RHB John Loving
|
0-0: Foul Ball, location: 2F 0-1: Ball 1-1: Ball 2-1: Ball 3-1: Ground out 6-3 (Groundball, 6, EV 103.1 MPH)
|
|
Batting: RHB Danny Burnside
|
0-0: Ball 1-0: Fly out, F8 (Flyball, 8RXD, EV 84.4 MPH)
|
|
Batting: LHB Yoshinari Nara
|
0-0: Called Strike 0-1: Foul Ball, location: 2F 0-2: Strikes out swinging
|
| Top of the 8th over - 0 runs, 0 hits, 0 errors, 0 left on base; Buffalo 1 - Nashville 1 |
| BOTTOM OF THE 8TH |
|
Nashville Sounds batting - Pitching for Buffalo Bisons : RHP Hoof Harted
|
|
Pinch Hitting: RHB Dusty Thompson
|
0-0: Ground out 6-3 (Groundball, 6, EV 88.8 MPH)
|
|
Batting: SHB Brace Harper
|
0-0: Foul Ball, location: 2F 0-1: Called Strike 0-2: Ball 1-2: Foul Ball, location: 2F 1-2: Foul Ball, location: 2F 1-2: Ball 2-2: Foul Ball, location: 2F 2-2: Ball 3-2: Foul Ball, location: 2F 3-2: Fly out, F7 (Flyball, 7LM, EV 76.2 MPH)
|
|
Pitching: RHP Gabe Nalley
|
|
|
Batting: RHB Adam McGurn
|
0-0: Ball 1-0: Ball 2-0: Ball 3-0: Base on Balls
|
|
Batting: SHB Bob Morales
|
0-0: Ball Adam McGurn steals 2nd base (no throw) 1-0: Ball 2-0: SINGLE (Line Drive, 4M, EV 95.6 MPH) Adam McGurn to third Runner from 3rd tries for Home, SAFE, throw by CF to home
|
|
Batting: SHB Rich Muniz
|
0-0: Called Strike Bob Morales steals 2nd base 0-1: Ball 1-1: Ball 2-1: Called Strike 2-2: Ball 3-2: Strikes out swinging
|
| Bottom of the 8th over - 1 run, 1 hit, 0 errors, 1 left on base; Buffalo 1 - Nashville 2 |
| TOP OF THE 9TH |
|
Buffalo Bisons batting - Pitching for Nashville Sounds : RHP David Hearn
|
|
Pitching: RHP Elijah Everett
|
|
|
Now at C: D.J. Torres
|
|
|
Batting: SHB Phuck
|
0-0: Ball 1-0: Ball 2-0: Called Strike 2-1: Foul Ball, location: 2F 2-2: Foul Ball, location: 2F 2-2: Foul Ball, location: 2F 2-2: Ball 3-2: Ground out 4-3 (Groundball, 4, EV 108.1 MPH)
|
|
Batting: RHB Jon Aguilar
|
0-0: Foul Ball, location: 2F 0-1: Called Strike 0-2: Foul Ball, location: 2F 0-2: SINGLE (Groundball, 34S, EV 70.0 MPH) (infield hit)
|
|
Batting: LHB Tso-lin Fen
|
0-0: Called Strike Jon Aguilar steals 2nd base 0-1: Foul Ball, location: 2F 0-2: Ground out 4-3 (Groundball, 4D, EV 110.6 MPH) Jon Aguilar to third
|
|
Batting: SHB Eduardo Maldonado
|
0-0: Ball 1-0: Ball 2-0: Called Strike 2-1: Called Strike 2-2: Ball 3-2: Foul Ball, location: 2F 3-2: Strikes out looking
|
| Top of the 9th over - 0 runs, 1 hit, 0 errors, 1 left on base; Buffalo 1 - Nashville 2 |
|